 Dungeon Crawl Stone Soup version 0.26-a0-661-g406de6ba63 (webtiles) character file.

Game seed: 12569943874066868330

191551 timneilson the Peltast (level 18, -5/112 HPs)
             Began as a Gargoyle Fighter on Oct 8, 2020.
             Was a High Priest of Okawaru.
             Slain by an azure jelly (22 damage)
             ... on level 15 of the Dungeon.
             The game lasted 01:16:48 (23789 turns).

timneilson the Peltast (Gargoyle Fighter)          Turns: 23789, Time: 01:16:49

Health: -5/112     AC: 40    Str: 36    XL:     18   Next: 65%
Magic:  5/8        EV:  7    Int: 17    God:    Okawaru [*****.]
Gold:   2955       SH: 25    Dex: 13    Spells: 17/17 levels left

rFire    + . .     SeeInvis .   n - +2 double sword of Light {antimagic, *Slow +Inv Str+2 Int+6}
rCold    + . .     Faith    .   r - +2 tower shield
rNeg     + . .     Spirit   .   h - +3 plate armour
rPois    ∞         Reflect  .   t - +0 helmet
rElec    +         Harm     .   a - +0 cloak {rCorr}
rCorr    +         Rampage  .   b - +0 pair of gloves of the Accordion {Regen+ Str+2}
MR       +....                  f - +0 pair of boots "Iguwk" {rC+ Dex+4}
Stlth    ..........             k - amulet of regeneration
HPRegen  1.08/turn              y - +4 ring of slaying
MPRegen  0.11/turn              Y - ring of Laikeguj {rF+ Str+6}

@: no status effects
A: big wings, negative energy resistance 1, electricity resistance, unbreathing,
petrification resistance, rot immunity, AC +13
a: Fly, Heroism, Finesse, Renounce Religion, Evoke Invisibility


You were on level 15 of the Dungeon.
You worshipped Okawaru.
Okawaru was extremely pleased with you.
You visited 5 branches of the dungeon, and saw 25 of its levels.
You also visited: Bailey, Gauntlet and Ice Cave.

You collected 3583 gold pieces.
You spent 628 gold pieces at shops.

Inventory:

Hand Weapons
 i - a +1 war axe of flaming
 n - the +2 double sword of Light (weapon) {antimagic, *Slow +Inv Str+2 Int+6}
   (You acquired it on level 15 of the Dungeon)

   It reduces the magical energy of the wielder, and disrupts the spells and
   magical abilities of those hit.
   Natural abilities and divine invocations are not affected.
   It affects your strength (+2).
   It affects your intelligence (+6).
   It lets you turn invisible.
   It may slow you when you take damage.
 N - a +0 vorpal demon blade
Armour
 a - a +0 cloak of preservation (worn)
 b - the +0 pair of gloves of the Accordion (worn) {Regen+ Str+2}
   (You found it on level 6 of the Dungeon)

   It affects your strength (+2).
   It increases your rate of regeneration.
 f - the +0 pair of boots "Iguwk" (worn) {rC+ Dex+4}
   (You found it on level 7 of the Dungeon)

   It affects your dexterity (+4).
   It protects you from cold.
 h - a +3 plate armour (worn)
 r - a +2 tower shield (worn)
 t - a +0 helmet (worn)
Jewellery
 k - an amulet of regeneration (around neck)
 q - the amulet of Cowardice {Reflect *Slow rElec Str-5 SH+5 SInv}
   (You found it in a Gauntlet)

   [amulet of reflection]

   It shields you and reflects attacks.
   It affects your strength (-5).
   It insulates you from electricity.
   It lets you see invisible.
   It may slow you when you take damage.
   It affects your SH (+5).
 y - a +4 ring of slaying (left hand)
 I - an uncursed ring of see invisible
 U - an uncursed ring of protection from fire
 V - the ring of Tenex {rElec rN+}
   (You found it on level 5 of the Lair of Beasts)

   [ring of positive energy]

   It insulates you from electricity.
   It protects you from negative energy.
 Y - the ring of Laikeguj (right hand) {rF+ Str+6}
   (You found it on level 3 of the Lair of Beasts)

   [ring of strength]

   It affects your strength (+6).
   It protects you from fire.
Wands
 g - a wand of flame (39)
 u - a wand of disintegration (14)
 Q - a wand of iceblast (15)
 T - a wand of acid (30)
Scrolls
 e - 4 scrolls of identify
 p - a scroll of amnesia
 s - 14 scrolls of remove curse
 v - 9 scrolls of enchant armour
 w - 7 scrolls of teleportation
 B - 4 scrolls of blinking
 E - 2 scrolls of fear
 G - 6 scrolls of magic mapping
 J - 7 scrolls of fog
 O - 6 scrolls of enchant weapon
 X - 2 scrolls of summoning
 Z - a scroll of holy word
Potions
 c - a potion of brilliance
 d - 6 potions of might
 j - 2 potions of magic
 l - 10 potions of curing
 m - 3 potions of cancellation
 o - 2 potions of ambrosia
 z - 3 potions of haste
 A - 4 potions of mutation
 D - 2 potions of berserk rage
 H - 8 potions of resistance
 P - 3 potions of invisibility
Miscellaneous
 W - a tin of tremorstones (3/3)


   Skills:
 + Level 12.3 Fighting
 * Level 13.8 Long Blades
 * Level 16.2 Armour
 * Level 16.3 Shields
 + Level 11.5 Invocations
 + Level 10.0 Evocations


You had 17 spell levels left.
You didn't know any spells.
Your spell library contained the following spells:

 Spells                   Type           Power        Failure   Level
 Foxfire                  Conj/Fire      #...         96%         1
 Freeze                   Ice            #...         96%         1
 Magic Dart               Conj           #...         96%         1
 Shock                    Conj/Air       #...         96%         1
 Sting                    Tmut/Pois      #...         96%         1
 Blink                    Tloc           N/A          99%         2
 Call Imp                 Summ           #.......     99%         2
 Corpse Rot               Necr/Air       N/A          99%         2
 Poisonous Vapours        Pois/Air       #.....       99%         2
 Searing Ray              Conj           #.....       99%         2
 Swiftness                Air            #.......     99%         2
 Conjure Flame            Conj/Fire      #.......     100%        3
 Dazzling Flash           Conj/Hex       #.....       100%        3
 Frozen Ramparts          Ice            #.....       100%        3
 Gell's Gravitas          Tloc           #.........   100%        3
 Ignite Poison            Fire/Tmut/Pois #.......     100%        3
 Inner Flame              Hex/Fire       #.......     100%        3
 Lesser Beckoning         Tloc           #.........   100%        3
 Mephitic Cloud           Conj/Pois/Air  #.......     100%        3
 Static Discharge         Conj/Air       #.......     100%        3
 Stone Arrow              Conj/Erth      #.....       100%        3
 Teleport Other           Tloc           #.......     100%        3
 Airstrike                Air            #.........   100%        4
 Animate Dead             Necr           #.........   100%        4
 Fulminant Prism          Conj/Hex       #.........   100%        4
 Iskenderun's Mystic Bla  Conj/Tloc      #.......     100%        4
 Olgreb's Toxic Radiance  Pois           #.......     100%        4
 Passage of Golubria      Tloc           N/A          100%        4
 Sticky Flame             Conj/Fire      #.......     100%        4
 Borgnjor's Vile Clutch   Necr/Erth      #.........   100%        5
 Fireball                 Conj/Fire      #.........   100%        5
 Lightning Bolt           Conj/Air       #.........   100%        5
 Summon Forest            Summ/Tloc      #.........   100%        5
 Death Channel            Necr           #.........   100%        6
 Eringya's Noxious Bog    Tmut/Pois      #.........   100%        6
 Hydra Form               Tmut           #.........   100%        6
 Simulacrum               Ice/Necr       #.........   100%        6
 Summon Hydra             Summ           #.........   100%        7
 Ignition                 Fire           #.........   100%        8
 Dragon's Call            Summ           #.........   100%        9
 Shatter                  Erth           #.........   100%        9
 Tornado                  Air            #.........   100%        9


Dungeon Overview and Level Annotations

Branches:
Dungeon (15/15)            Temple (1/1) D:5            Lair (6/6) D:9
  Swamp (0/4) Lair:2        Snake (0/4) Lair:2        Slime (0/5) Lair:5
    Orc (2/2) D:9             Elf (0/3) Orc:2        Vaults (0/5) D:13
 Depths (1/5) D:15         Bailey (visited)           IceCv (visited)
Gauntlet (visited)

Altars:
Ashenzari
Cheibriados
Dithmenos
Elyvilon
Fedhas
Gozag
Hepliaklqana
Kikubaaqudgha
Makhleb
Nemelex Xobeh
Okawaru
Qazlal
Ru
Sif Muna
Trog
Uskayaw
Vehumet
Wu Jian
Xom
Yredelemnul
Zin
The Shining One
Beogh
Jiyva

Shops:
D:10 ?   D:15 =   Orc:1 ?   Orc:2 ([[[

Portals:
Abyss: Depths:1

Annotations:
Orc:2 3 runed translucent doors, jejorda2's ghost, journeyman MiBe
Depths:1 the Enchantress


Innate Abilities, Weirdness & Mutations

You are resistant to torment.
Your stone body is resilient. (AC +13)
You are immune to poison.
Your large and strong wings let you fly indefinitely.
You resist negative energy. (rN+)
You are resistant to electric shocks. (rElec)
You can survive without breathing.
You are immune to petrification.
You are immune to rotting.


Message History

You resist with some effort.
You see here an ugly thing skeleton.
There is a staircase back to the Dungeon here.
You block the azure jelly's attack. x3; The azure jelly hits you.
* * * LOW HITPOINT WARNING * * *
The great orb of eyes gazes at you. You resist with some effort.
You climb upwards.
Welcome back to the Dungeon!
Reactivating autopickup.
There is a staircase to the Depths, spattered with blood here.
You slash the azure jelly!
The azure jelly is lightly wounded.
You block the azure jelly's attack. x2
The azure jelly hits you but does no damage. x2
You open the azure jelly like a pillowcase!!!
The azure jelly is heavily wounded.
You block the azure jelly's attack. The azure jelly hits you.
* * * LOW HITPOINT WARNING * * *
The azure jelly freezes you!! You resist.
You die...

#####.....#.......###.####..##
#..###(####..####.# ##..##
#.....#(.⌠#.......######..## ###
#.###.....#.#####....# ##...
..####.# #.#...#.....#.##.## ####
...##..# #..#.#.#.#..#.##..# #
....#.## #.....#...#.#.###.# #
......# #####.#=....#.###.######
....### #...#@J.#.......##....
....# #...####.########..#.#
....# #.......#...#####[##.#
...## ##.................##.#
...## #........#.....####...#
....#######..............# #.###
....)()(.(............#.#####.###
....########.....####...........#
....# #.......######.##<###..


You could see an azure jelly.

Vanquished Creatures
  Saint Roka (Orc:2)
  A lich (Depths:1)
  Gastronok (D:8)
  2 azure jellies (Depths:1)
  A frost giant (IceCv)
  The ghost of collin38 the Warrior, a journeyman MiBe of Trog (D:12)
  Louise (Depths:1)
  2 stone giants
  7 very ugly things
  A minotaur (Gauntlet)
  Snorg (D:13)
  4 ettins
  3 ogre magi
  2 rakshasas
  Fannar (D:11)
  Harold (D:8)
  A merfolk avatar (Lair:6)
  6 boulder beetles
  5 centaur warriors
  8 hydras
  A spriggan air mage (Depths:1)
  2 ice dragons
  17 two-headed ogres
  A deep troll shaman (Depths:1)
  A vampire mage (Depths:1)
  3 tengu warriors (D:14)
  2 death scarabs (Gauntlet)
  12 death yaks
  An orc high priest (Orc:2)
  2 deep troll earth magi (Depths:1)
  Urug (Orc:2)
  A spriggan berserker (Depths:1)
  A deep elf knight (D:13)
  A fire crab (Gauntlet)
  An iron troll (Depths:1)
  A glowing orange brain (Depths:1)
  3 sea snakes
  4 unseen horrors
  A sixfirhy (Gauntlet)
  2 deep trolls
  A wizard (D:14)
  11 orc knights
  2 spectral hydras (Gauntlet)
  A lindwurm (Lair:3)
  A wolf spider zombie (D:14)
  2 oklob plants (Lair:3)
  3 deep elf magi
  9 ugly things
  A manticore (Lair:6)
  3 cyclopes
  4 orc sorcerers
  An ice statue (IceCv)
  6 elephants
  5 black mambas
  15 cane toads
  2 molten gargoyles (Lair:4)
  A torpor snail (Lair:3)
  Maggie (D:7)
  9 rime drakes
  20 komodo dragons
  5 yaktaurs
  2 tengu conjurers
  4 trolls
  5 hornets
  23 polar bears
  16 blink frogs
  A harpy skeleton (D:14)
  A tyrant leech (Lair:2)
  A meliai zombie (D:10)
  2 shadows
  10 slime creatures (D:13)
  A vampire (D:14)
  Grum (D:8)
  50 yaks
  5 basilisks
  2 wraiths
  10 wyverns
  3 fire bats (Gauntlet)
  A basilisk (shapeshifter) (Depths:1)
  6 wargs
  A soldier ant (D:11)
  4 vampire mosquitoes (D:14)
  3 acid dragons
  4 nagas (Lair:2)
  14 water moccasins
  A swamp worm (Lair:2)
  6 ice beasts
  6 sky beasts
  51 orc warriors
  A spectral torpor snail (Gauntlet)
  An eye of draining (D:11)
  A necrophage (D:9)
  19 ogres
  6 black bears
  A phantom (D:11)
  15 centaurs
  28 wolves
  13 bullfrogs
  2 big kobolds (D:9)
  A gnoll sergeant (D:9)
  2 wyvern skeletons (D:11)
  A water moccasin skeleton (D:9)
  5 scorpions
  17 jellies
  18 killer bees
  22 wights
  3 electric eels (D:12)
  5 lava snakes (Lair:4)
  8 centaur zombies
  4 centaur skeletons
  27 orc priests
  9 hounds
  32 orc wizards
  2 bullfrog zombies
  A gnoll shaman (D:4)
  Jessica (D:3)
  3 bullfrog skeletons
  7 worker ants
  Natasha (thrice) (D:3)
  9 iguanas
  A hound skeleton (D:11)
  A worker ant zombie (D:5)
  9 gnolls
  10 adders
  3 shadow imps
  6 white imps
  7 ufetubi
  3 oozes
  An adder zombie (D:5)
  3 adder skeletons
  2 worms (D:3)
  4 dart slugs (D:1)
  5 leopard geckos
  160 orcs
  3 ball pythons
  4 bats
  2 giant cockroaches
  8 goblins
  7 hobgoblins
  8 jackals
  14 kobolds
  4 quokkas
  5 frilled lizards
  7 rats
  A butterfly (Lair:4)
990 creatures vanquished.

Vanquished Creatures (others)
  A polar bear (IceCv)
  A yak (IceCv)
  A wolf (IceCv)
  2 centaurs (D:15)
  A hobgoblin (D:3)
  15 fungi
  18 plants
39 creatures vanquished.

Grand Total: 1029 creatures vanquished

Notes
Turn   | Place    | Note
-------+----------+-------------------------------------------
     0 | D:1      | timneilson the Gargoyle Fighter began the quest for the
                  | Orb.
     0 | D:1      | Reached XP level 1. HP: 14/14 MP: 1/1
   112 | D:1      | Reached XP level 2. HP: 19/19 MP: 2/2
   542 | D:1      | Reached XP level 3. HP: 23/23 MP: 3/3
   938 | D:2      | Found a broken altar of Ashenzari.
  1089 | D:2      | Found a faded altar of an unknown god.
  1655 | D:3      | Noticed Natasha
  1670 | D:3      | Killed Natasha
  1670 | D:3      | Reached XP level 4. HP: 26/28 MP: 4/4
  1774 | D:3      | Reached XP level 5. HP: 31/33 MP: 5/5
  1803 | D:3      | Noticed Natasha
  1816 | D:3      | Killed Natasha
  1862 | D:3      | Noticed Jessica
  1870 | D:3      | Killed Jessica
  1957 | D:3      | Noticed Natasha
  1967 | D:3      | Killed Natasha
  1967 | D:3      | Reached skill level 1 in Evocations
  1977 | D:3      | Reached XP level 6. HP: 36/38 MP: 6/6
  2362 | D:4      | Reached skill level 5 in Shields
  2440 | D:4      | Reached skill level 5 in Armour
  2448 | D:4      | Reached XP level 7. HP: 42/43 MP: 7/7
  2897 | D:5      | Entered Level 5 of the Dungeon
  3033 | D:5      | Found a broken altar of Ashenzari.
  3352 | D:5      | Found a staircase to the Ecumenical Temple.
  3358 | Temple   | Entered the Ecumenical Temple
  3626 | Temple   | Became a worshipper of Warmaster Okawaru
  3807 | D:5      | Reached skill level 1 in Invocations
  3807 | D:5      | Reached XP level 8. HP: 41/48 MP: 8/8
  4487 | D:6      | Reached skill level 5 in Fighting
  4555 | D:6      | Reached * piety under Okawaru
  4620 | D:6      | Reached skill level 5 in Long Blades
  4820 | D:6      | Reached XP level 9. HP: 54/54 MP: 10/10
  4821 | D:6      | Reached ** piety under Okawaru
  5032 | D:6      | Got a pair of faintly humming gloves
  5033 | D:6      | Identified the +0 pair of gloves of the Accordion {Regen+
                  | Str+2} (You found it on level 6 of the Dungeon)
  5071 | D:6      | Noticed a boulder beetle
  5105 | D:6      | Killed a boulder beetle
  5367 | D:7      | Got a pair of translucent boots
  5369 | D:7      | Noticed a two-headed ogre
  5378 | D:7      | Killed a two-headed ogre
  5378 | D:7      | Reached *** piety under Okawaru
  5420 | D:7      | Reached XP level 10. HP: 60/60 MP: 12/12
  5451 | D:7      | Noticed Maggie
  5465 | D:7      | Killed Maggie
  6261 | D:7      | Identified the cursed +0 pair of boots "Iguwk" {rC+ Dex+4}
                  | (You found it on level 7 of the Dungeon)
  6278 | D:8      | Noticed a two-headed ogre
  6294 | D:8      | Killed a two-headed ogre
  6294 | D:8      | Reached **** piety under Okawaru
  6352 | D:8      | Noticed Harold
  6369 | D:8      | Noticed a purple ugly thing
  6370 | D:8      | Killed Harold
  6418 | D:7      | Killed a purple ugly thing
  6597 | D:8      | Noticed Grum
  6600 | D:8      | Noticed Gastronok
  6624 | D:8      | Killed Gastronok
  6624 | D:8      | Reached ***** piety under Okawaru
  6624 | D:8      | Reached skill level 5 in Invocations
  6624 | D:8      | Reached skill level 5 in Evocations
  6624 | D:8      | Reached XP level 11. HP: 18/67 MP: 13/15
  6632 | D:8      | Killed Grum
  7095 | D:8      | Identified a scroll of acquirement
  7095 | D:8      | Acquired 714 gold pieces
  7299 | D:9      | Reached skill level 10 in Shields
  7447 | D:9      | Received a gift from Okawaru
  7454 | D:9      | Reached skill level 10 in Armour
  7602 | D:9      | Found a staircase to the Lair.
  7783 | D:9      | Found a staircase to the Orcish Mines.
  8160 | D:10     | Entered Level 10 of the Dungeon
  8253 | D:10     | Reached XP level 12. HP: 69/73 MP: 16/16
  8609 | D:10     | Found Hyn Seiw's Magic Scroll Boutique.
  8789 | D:11     | Noticed Fannar
  8815 | D:11     | Killed Fannar
  8815 | D:11     | Received a gift from Okawaru
  9048 | D:11     | Noticed a boulder beetle
  9068 | D:11     | Killed a boulder beetle
  9446 | D:12     | Noticed collin38's ghost (journeyman MiBe)
  9564 | D:12     | Found an opulent altar of Gozag.
  9758 | D:12     | Found a runed translucent gate.
  9758 | D:12     | Found a runed translucent gate.
  9758 | D:12     | Found a runed translucent gate.
  9990 | D:13     | Noticed a boulder beetle
 10013 | D:13     | Killed a boulder beetle
 10013 | D:13     | Reached XP level 13. HP: 68/79 MP: 16/18
 10100 | D:13     | Noticed Snorg
 10116 | D:13     | Killed Snorg
 10151 | D:13     | Received a gift from Okawaru
 10415 | D:13     | Noticed an ogre mage
 10437 | D:13     | Reached skill level 10 in Long Blades
 10479 | D:13     | Killed an ogre mage
 10511 | D:13     | Found a gate to the Vaults.
 10716 | D:13     | Received a gift from Okawaru
 11040 | Lair:1   | Entered Level 1 of the Lair of Beasts
 11044 | Lair:1   | Found the +7 captain's cutlass {speed, disarm}
 11930 | Lair:2   | Found a staircase to the Snake Pit.
 11970 | Lair:2   | Gained mutation: Your large and strong wings let you fly
                  | indefinitely. [Gargoyle growth]
 11970 | Lair:2   | Reached XP level 14. HP: 48/86 MP: 20/20
 12517 | Lair:2   | Found a staircase to the Swamp.
 13163 | Lair:3   | Reached ****** piety under Okawaru
 13913 | Lair:3   | Received a gift from Okawaru
 13916 | Lair:3   | Got a fading scale mail {god gift}
 13918 | Lair:3   | Identified the +0 scale mail of the Thirteen Tales {Int+4}
                  | (Okawaru gifted it to you on level 3 of the Lair of Beasts)
 14156 | Lair:4   | Reached skill level 10 in Fighting
 14167 | Lair:4   | Found a gate leading to a gauntlet.
 14181 | Gauntlet | Entered a Gauntlet
 14181 | Gauntlet | Found a transporter.
 14181 | Gauntlet | Found a transporter.
 14182 | Gauntlet | Found a runed translucent door.
 14183 | Gauntlet | Found a transporter.
 14185 | Gauntlet | Found a transporter.
 14186 | Gauntlet | Found a transporter.
 14188 | Gauntlet | Found a large runed translucent door.
 14188 | Gauntlet | Found a large runed translucent door.
 14189 | Gauntlet | Found a large runed translucent door.
 14189 | Gauntlet | Found a large runed translucent door.
 14190 | Gauntlet | Found a large runed translucent door.
 14190 | Gauntlet | Found a large runed translucent door.
 14190 | Gauntlet | Found a runed translucent door.
 14190 | Gauntlet | Found a runed translucent door.
 14207 | Gauntlet | Found a transporter.
 14232 | Gauntlet | Found a transporter.
 14246 | Gauntlet | Found a large runed translucent door.
 14247 | Gauntlet | Found a large runed translucent door.
 14247 | Gauntlet | Found a large runed translucent door.
 14247 | Gauntlet | Found a large runed translucent door.
 14248 | Gauntlet | Found a large runed translucent door.
 14248 | Gauntlet | Found a large runed translucent door.
 14249 | Gauntlet | Found a runed translucent gate.
 14250 | Gauntlet | Found a runed translucent gate.
 14251 | Gauntlet | Found a runed translucent gate.
 14252 | Gauntlet | Found a transporter.
 14255 | Gauntlet | Found a transporter.
 14255 | Gauntlet | Found a transporter.
 14259 | Gauntlet | Found a runed translucent door.
 14259 | Gauntlet | Noticed a dire elephant
 14267 | Gauntlet | Found a runed translucent door.
 14269 | Gauntlet | Found a transporter.
 14285 | Gauntlet | Found a transporter.
 14304 | Gauntlet | Found a runed translucent door.
 14306 | Gauntlet | Found a transporter.
 14308 | Gauntlet | Found a runed translucent door.
 14311 | Gauntlet | Found a transporter.
 14340 | Gauntlet | Found a large runed translucent door.
 14341 | Gauntlet | Found a large runed translucent door.
 14342 | Gauntlet | Found a large runed translucent door.
 14342 | Gauntlet | Found a large runed translucent door.
 14531 | Gauntlet | Got a pitted brass amulet
 14545 | Gauntlet | Identified the +5 flail "Jiuts" {holy, Str+6}
 14571 | Gauntlet | Identified the amulet of Cowardice {Reflect *Slow rElec
                  | Str-5 SH+5 SInv} (You found it in a Gauntlet)
 14626 | Lair:4   | Found a frozen archway.
 14724 | IceCv    | Entered an ice cave
 14809 | IceCv    | Reached XP level 15. HP: 81/92 MP: 20/22
 15129 | IceCv    | Received a gift from Okawaru
 15230 | IceCv    | Noticed a frost giant
 15252 | IceCv    | Killed a frost giant
 15596 | Lair:4   | Found a hide-covered altar of Uskayaw.
 16370 | Lair:5   | Got a glittering steel ring
 16427 | Lair:5   | Found a staircase to the Slime Pits.
 16834 | Lair:5   | Identified the ring of Tenex {rElec rN+} (You found it on
                  | level 5 of the Lair of Beasts)
 16862 | Lair:6   | Entered Level 6 of the Lair of Beasts
 17203 | Lair:6   | Reached skill level 10 in Invocations
 17310 | Lair:6   | Received a gift from Okawaru
 17761 | Lair:6   | Reached XP level 16. HP: 90/100 MP: 23/23
 18206 | Lair:3   | Got a smoking steel ring
 18374 | Orc:1    | Entered Level 1 of the Orcish Mines
 18473 | Orc:1    | Found a roughly hewn altar of Beogh.
 18489 | Orc:1    | Found Dieh Zoa's Magic Scroll Boutique.
 18510 | Orc:1    | Bought a scroll of holy word for 105 gold pieces
 18510 | Orc:1    | Bought a scroll of identify for 28 gold pieces
 18510 | Orc:1    | Bought a scroll of identify for 28 gold pieces
 18510 | Orc:1    | Bought a scroll of remove curse for 42 gold pieces
 18510 | Orc:1    | Bought a scroll of blinking for 105 gold pieces
 18510 | Orc:1    | Bought a scroll of teleportation for 42 gold pieces
 18510 | Orc:1    | Bought a scroll of teleportation for 42 gold pieces
 18510 | Orc:1    | Bought a scroll of identify for 28 gold pieces
 18510 | Orc:1    | Bought a scroll of identify for 28 gold pieces
 18525 | Orc:1    | Identified the ring of Laikeguj {rF+ Str+6} (You found it
                  | on level 3 of the Lair of Beasts)
 18663 | Orc:1    | Found a transporter.
 18670 | Orc:1    | Found a roughly hewn altar of Beogh.
 18670 | Orc:1    | Found a transporter.
 19280 | Orc:2    | Entered Level 2 of the Orcish Mines
 19381 | Orc:2    | Noticed jejorda2's ghost (journeyman MiBe)
 19484 | Orc:2    | Found a staircase to the Elven Halls.
 19590 | Orc:2    | Found a roughly hewn altar of Beogh.
 19640 | Orc:2    | Noticed Urug
 19649 | Orc:2    | Killed Urug
 19726 | Orc:2    | Found a runed translucent gate.
 19726 | Orc:2    | Found a runed translucent gate.
 19794 | Orc:2    | Found a runed translucent gate.
 19957 | Orc:2    | Found a roughly hewn altar of Beogh.
 19958 | Orc:2    | Found Vireh's Antique Armour Shoppe.
 20034 | Orc:2    | Found a roughly hewn altar of Beogh.
 20211 | Orc:2    | Noticed Saint Roka
 20262 | Orc:2    | Killed Saint Roka
 20262 | Orc:2    | Received a gift from Okawaru
 20262 | Orc:2    | Reached skill level 15 in Shields
 20341 | Orc:2    | Found Tured's Antique Weapon Shop.
 20342 | Orc:2    | Found a roughly hewn altar of Beogh.
 20343 | Orc:2    | Found Gyrach's Antique Armour Boutique.
 20370 | Orc:2    | Bought a runed cloak for 180 gold pieces
 20440 | Orc:2    | Found a roughly hewn altar of Beogh.
 20522 | Orc:2    | Found a roughly hewn altar of Beogh.
 20522 | Orc:2    | Found Suraolagg's Antique Armour Boutique.
 20832 | Orc:1    | Reached skill level 15 in Armour
 20875 | Orc:1    | Identified the Almanac of Supportive Cold
 21147 | D:12     | Killed collin38's ghost
 21147 | D:12     | Received a gift from Okawaru
 21156 | D:12     | Got a pair of twisted gloves {god gift}
 21157 | D:12     | Identified the -7 pair of gloves "Dukhepn" {Str+3} (Okawaru
                  | gifted it to you on level 12 of the Dungeon)
 21304 | D:14     | Found a flagged portal.
 21325 | Bailey   | Entered a bailey
 22241 | D:14     | Reached XP level 17. HP: 106/106 MP: 25/25
 22278 | D:15     | Entered Level 15 of the Dungeon
 22491 | D:15     | Found Axouz's Jewellery Shoppe.
 22591 | D:15     | Reached XP level 18. HP: 112/112 MP: 26/26
 22666 | D:15     | Found a staircase to the Depths.
 23022 | Depths:1 | Entered Level 1 of the Depths
 23022 | Depths:1 | Noticed a lich
 23025 | D:15     | Acquired the +2 double sword of Light {antimagic, *Slow
                  | +Inv Str+2 Int+6}
 23038 | Depths:1 | Killed a lich
 23157 | Depths:1 | Found a one-way gate to the infinite horrors of the Abyss.
 23157 | Depths:1 | Noticed Louise
 23391 | Depths:1 | Killed Louise
 23529 | Depths:1 | Received a gift from Okawaru
 23674 | Depths:1 | Noticed the Enchantress
 23708 | Depths:1 | Reached skill level 10 in Evocations
 23744 | Depths:1 | Found a viscous altar of Jiyva.
 23789 | D:15     | Slain by an azure jelly

Illustrated notes

Levels and vault maps discovered:
D:1:      tarquinn_simple_flora_water_d, layout_basic
D:2:      layout_loops_ring, nicolae_overflow_hidden_temple,
          chequers_ecumenical_altar_island, wad_floor_pattern_2
D:3:      layout_loops_cross, skrybe_limestone_x, uniq_natasha, uniq_jessica
D:4:      layout_loops_cross, fountainhead
D:5:      kb_forest_paths, layout_layer_cave, minmay_temple_entry_hall,
          st_stairs_3, hangedman_decor_peaks_small, nicolae_ashenzari_panopticon
D:6:      kennysheep_big_flooded_room, layout_loops_ring, grunt_ministairs_10
D:7:      layout_layer_cave, uniq_maggie
D:8:      layout_basic, uniq_gastronok, uniq_harold, uniq_grum
D:9:      wad_arrow_thing, layout_long_grid, erik_lair_orcish_takeover
D:10:     layout_rooms, serial_shops, kennysheep_mini_moat
D:11:     layout_roguey, uniq_fannar
D:12:     layout_big_octagon, gammafunk_ghost_split, basic_altar,
          disabler_island
D:13:     layout_loops_cross, hangedman_vaults_entry_quadrant_bands,
          hangedman_abyss_or_decor_stagger, hangedman_decor_lopped, uniq_snorg
D:14:     layout_rooms, enter_bailey_2, hangedman_decor_push,
          chequers_mini_garden, dk_noncrumbling_4, grunt_ministairs_15
D:15:     hangedman_depths_entry_civil_slaughter, layout_rooms, serial_shops,
          shop, interstate_on_off
Temple:   regret_index_temple_sigil_plot
Lair:1:   layout_cave_pods
Lair:2:   layout_small_grid, palyth_hydra_swamp_entry,
          guppyfry_snake_entry_island
Lair:3:   layout_loops_ring, hangedman_lair_generics_rect, lemuel_fruit_fields,
          minmay_lair_oklob_chamber, infiniplex_staircase_pool_2,
          grunt_megastairs_2
Lair:4:   cheibrodos_magma_flow, layout_misc_corridors, gauntlet_entry_generic,
          portal_ice_cave_entry_animals_and_master, enter_volcano_1, basic_altar
Lair:5:   layout_regular_city, minmay_slime_entry_jelly_boxes
Lair:6:   gammafunk_lair_ancient_temple, layout_long_grid,
          nicolae_quartered_pool_medium
Orc:1:    gammafunk_beogh_shrine, layout_diamond_mine, serial_shops, shop,
          basic_altar, minmay_orc_keep
Orc:2:    grunt_orc_community_town_hall, layout_caves,
          grunt_orc_community_big_house_1, grunt_orc_community_big_house_1,
          grunt_orc_community_house_1, grunt_orc_community_house_1,
          grunt_orc_community_house_3, grunt_orc_community_house_1,
          grunt_orc_community_house_3, grunt_orc_community_house_2,
          maelrawn_ghost_gauntlet_escape, uniq_urug
Depths:1: layout_roguey [special_room_jelly], pf_hell_entry_great_geh,
          nicolae_abyss_entry_one_way_or_another, minmay_tree_intersection,
          st_stairs_11, nicolae_island_escapes, uniq_enchantress

Skill      XL: |  1  2  3  4  5  6  7  8  9 10 11 12 13 14 15 16 17 18 |
---------------+-------------------------------------------------------+-----
Long Blades    | 2 3 4 5 6 7 8 9 10 11 12 13 | 13.8
Shields        | 4 5 6 8 9 10 11 12 13 14 15 16 | 16.3
Armour         | 4 5 6 7 9 10 11 12 13 14 15 16 | 16.2
Fighting       | 4 5 6 7 8 9 10 11 12 | 12.3
Evocations     | 1 2 3 5 6 7 8 9 10 | 10.0
Invocations    | 1 2 3 5 6 7 8 9 10 11 | 11.5

Action                   |  1- 3 |  4- 6 |  7- 9 | 10-12 | 13-15 | 16-18 || total
-------------------------+-------+-------+-------+-------+-------+-------++-------
Melee: Long sword        |   110 |   204 |   244 |       |       |       ||   558
       Scimitar          |       |       |   113 |   360 |       |       ||   473
       Demon blade       |       |       |       |   590 |  1606 |   934 ||  3130
       War axe           |       |       |       |       |    55 |       ||    55
       Double sword      |       |       |       |       |       |   260 ||   260
Invok: Heroism           |       |       |     3 |    18 |    11 |    14 ||    46
       Finesse           |       |       |       |     1 |     5 |     7 ||    13
 Abil: Fly               |       |       |       |       |     1 |       ||     1
       Stop Flying       |       |       |       |       |       |     1 ||     1
Evoke: Tin of tremorston |       |       |       |       |       |     1 ||     1
  Use: Scroll            |    10 |     3 |     4 |    10 |    11 |     8 ||    46
       Potion            |       |     2 |     3 |     2 |       |     9 ||    16
 Stab: Invisible         |       |       |       |       |       |     4 ||     4
Armor: Scale mail        |    63 |    95 |   174 |       |       |       ||   332
       Chain mail        |       |       |    10 |   178 |   896 |    99 ||  1183
       Plate armour      |       |       |       |   309 |   114 |   393 ||   816
Dodge: Dodged            |    43 |    44 |   101 |   239 |   490 |   218 ||  1135
Block: Kite shield       |    79 |   123 |   191 |   639 |  1225 |   813 ||  3070
       Tower shield      |       |       |       |       |       |   142 ||   142
       Rpst.: Long sword |    10 |    11 |    16 |       |       |       ||    37
       Scimitar          |       |       |     6 |    37 |       |       ||    43
       Demon blade       |       |       |       |    29 |    98 |    33 ||   160
       Double sword      |       |       |       |       |       |    12 ||    12

Table legend: (Time is in decaauts)
 A = Elapsed time spent in this place.
 B = Non-inter-level travel time spent in this place.
 C = Inter-level travel time spent in this place.
 D = Time resting spent in this place.
 E = Time spent auto-exploring this place.
 F = Levels seen in this place.
 G = Mean time per level.
                   A        B        C        D        E       F      G
               +--------+--------+--------+--------+--------+-----+--------+
         Total |  22898 |  21692 |   1206 |    330 |  13816 |  28 |  817.8 |
       Dungeon |  12579 |  11896 |    683 |    239 |   7543 |  15 |  838.6 |
        Temple |    293 |    269 |     24 |      0 |    260 |   1 |  293.0 |
          Lair |   5726 |   5386 |    340 |     91 |   3834 |   6 |  954.3 |
  Orcish Mines |   2414 |   2255 |    159 |      0 |   1557 |   2 | 1207.0 |
        Depths |    504 |    504 |      0 |      0 |    197 |   1 |  504.0 |
        Bailey |    272 |    272 |      0 |      0 |    100 |   1 |  272.0 |
      Ice Cave |    752 |    752 |      0 |      0 |    324 |   1 |  752.0 |
      Gauntlet |    354 |    354 |      0 |      0 |      0 |   1 |  354.0 |
               +--------+--------+--------+--------+--------+-----+--------+

Top non-repeatable levels by time:
   Orc:2: 1330 daAuts
     D:5: 1216 daAuts
  Lair:2: 1177 daAuts
     D:9: 1103 daAuts
  Lair:3: 1097 daAuts
     D:7: 1088 daAuts
   Orc:1: 1084 daAuts
    D:13: 1068 daAuts
  Lair:6: 991 daAuts
     D:6: 928 daAuts
     D:1: 917 daAuts
  Lair:4: 874 daAuts
  Lair:1: 855 daAuts
     D:3: 810 daAuts
    D:11: 794 daAuts
